 Dungeon Crawl Stone Soup version 0.24.0-125-gc4c63601f3 (webtiles) character file.

Game seed: 1384153520619401456, levelgen mode: deterministic

239 Johnny the Skirmisher (level 6, -1/57 HPs)
             Began as a Naga Berserker on Feb 25, 2020.
             Was a Priest of Trog.
             Slain by an orc
             ... wielding a +0 club
              (6 damage)
             ... on level 3 of the Dungeon.
             The game lasted 00:02:38 (3356 turns).

Johnny the Skirmisher (Naga Berserker)              Turns: 3356, Time: 00:02:39

Health: -1/57      AC:  3    Str: 21    XL:     6   Next: 7%
Magic:  6/6        EV: 10    Int:  8    God:    Trog [***...]
Gold:   117        SH:  0    Dex: 10    Spells: 5/5 levels left

rFire    . . .     SeeInvis +     - Unarmed
rCold    . . .     Gourm    .   (no shield)
rNeg     . . .     Faith    .   a - +0 animal skin
rPois    +         Spirit   .   (no helmet)
rElec    .         Reflect  .   (no cloak)
rCorr    .         Harm     .   (no gloves)
MR       .....                  (no barding)
Stlth    +.........             (no amulet)
HPRegen  0.19/turn              k - ring of wizardry
MPRegen  0.10/turn              (no ring)

@: berserk cooldown, slowed, very slow
A: large, see invisible, deformed body, poison resistance, slowness 2, slow
metabolism 1, spit poison 1, AC +2
a: Spit Poison, Berserk, Trog's Hand, Renounce Religion


You were on level 3 of the Dungeon.
You worshipped Trog.
Trog was most pleased with you.
You were very hungry.

You visited 1 branch of the dungeon, and saw 3 of its levels.

You collected 117 gold pieces.

Inventory:

Armour
 a - a +0 animal skin (worn)
Jewellery
 e - an uncursed ring of poison resistance {unknown}
 k - a ring of wizardry (left hand)
Scrolls
 b - 2 scrolls of amnesia
 c - a scroll of teleportation
 f - a scroll of remove curse
 g - a scroll of identify
 h - a scroll of blinking {unknown}
Potions
 i - 4 potions of curing {unknown}
 j - a potion of lignification {unknown}
 l - 2 potions of haste {unknown}
Comestibles
 d - 9 rations


   Skills:
 + Level 4.2 Fighting
 + Level 2.8 Armour
 + Level 2.7 Dodging
 + Level 4.1 Unarmed Combat


You had 5 spell levels left.
You didn't know any spells.
Your spell library was empty.

Dungeon Overview and Level Annotations

Branches:
Dungeon (3/15)

Altars:
Dithmenos
Wu Jian
The Shining One

Annotations:
D:3 2 transporters, chipmonk's ghost, amateur MiBe


Innate Abilities, Weirdness & Mutations

You cannot wear boots.
Your serpentine skin is tough. (AC +2)
You have supernaturally acute eyesight. (SInv)
Armour fits poorly on your strangely shaped body.
Your system is resistant to poisons. (rPois)
You cover ground very slowly.
You have a slow metabolism.
You can spit poison.


Message History

Your experience leads to an increase in your attributes!
Your base attributes are Str 20, Int 8, Dex 10.
Increase (S)trength, (I)ntelligence, or (D)exterity?
You feel stronger.
Your skin feels tougher.
You hit the orc.
The orc is heavily wounded.
You are no longer berserk.
You are exhausted.
You feel yourself slow down. The orc closely misses you.
You barely miss the orc.
The orc is heavily wounded.
The orc hits you with a +0 club.
* * * LOW HITPOINT WARNING * * *
You hit the orc but do no damage.
The orc is heavily wounded.
The orc barely misses you.
You hit the orc but do no damage.
The orc is heavily wounded.
The orc hits you with a +0 club.
You die...

. #.# .# #...# #.#..#
# ##.#.#######.#..# #.
#.>........>....#
#..#........#..†#.#
#..#....# #....<..###
#.......# #.........#
#....)o.###...).......
#@#.....#...###.#.
#.###......... .. #†#
#..######## . #.###..#
#.##...# . #.##.#.#
#.. #.##(#.#####......
##.)..#.....#.###.[
#.†#######.........


You could see an orc.

Vanquished Creatures
  An orc priest (D:3)
  An orc wizard (D:3)
  Jessica (D:2)
  Natasha (thrice) (D:2)
  An adder (D:2)
  2 worms (D:2)
  3 leopard geckos
  3 orcs (D:3)
  A ball python (D:2)
  2 giant cockroaches (D:1)
  5 goblins
  5 hobgoblins
  10 jackals
  8 kobolds
  A quokka (D:2)
  9 bats
  5 frilled lizards
  3 rats
64 creatures vanquished.

Notes
Turn   | Place    | Note
-------+----------+-------------------------------------------
     0 | D:1      | Johnny the Naga Berserker began the quest for the Orb.
     0 | D:1      | Reached XP level 1. HP: 21/21 MP: 1/1
   222 | D:1      | Reached XP level 2. HP: 21/28 MP: 2/2
  1250 | D:2      | Found a glowing golden altar of the Shining One.
  1351 | D:2      | Noticed Jessica
  1358 | D:2      | Killed Jessica
  1358 | D:2      | Reached XP level 3. HP: 30/34 MP: 3/3
  1561 | D:2      | Noticed Natasha
  1566 | D:2      | Killed Natasha
  1566 | D:2      | Reached XP level 4. HP: 43/43 MP: 4/4
  1574 | D:2      | Reached ** piety under Trog
  1655 | D:2      | Noticed Natasha
  1659 | D:2      | Killed Natasha
  1659 | D:2      | Reached XP level 5. HP: 50/50 MP: 5/5
  2380 | D:2      | Noticed Natasha
  2390 | D:2      | Killed Natasha
  2459 | D:2      | Found an ornate altar of the Wu Jian Council.
  2605 | D:2      | Found a faded altar of an unknown god.
  2865 | D:3      | Found a transporter.
  2865 | D:3      | Noticed chipmonk's ghost (amateur MiBe)
  3063 | D:3      | Found a shadowy altar of Dithmenos.
  3085 | D:3      | Found a transporter.
  3341 | D:3      | Reached *** piety under Trog
  3352 | D:3      | Reached XP level 6. HP: 12/57 MP: 6/6
  3356 | D:3      | Slain by an orc

Levels and vault maps discovered:
D:1:      psy_arrival_terrarium, layout_basic, serial_curves, eino_curves_03,
          eino_curves_02
D:2:      layout_basic, nicolae_overflow_crystal_walls,
          nicolae_overflow_hidden_temple, first_ration,
          chequers_ecumenical_altar_lobes, serial_glass, glass_columns_a,
          glass_columns_a, uniq_jessica, uniq_natasha
D:3:      layout_loops_ring, lemuel_doored_altar, gammafunk_ghost_arena

Skill      XL: |  1  2  3  4  5 |
---------------+----------------+-----
Armour         | 2 |  2.8
Dodging        | 2 |  2.7
Fighting       | 4 |  4.2
Unarmed Combat | 4 |  4.1

Action                   |  1- 3 |  4- 6 || total
-------------------------+-------+-------++-------
Melee: Unarmed           |    78 |   133 ||   211
       Punch             |     1 |     2 ||     3
Invok: Berserk           |     2 |     5 ||     7
  Use: Scroll            |       |     4 ||     4
  Eat: Chunk             |     2 |     6 ||     8
       Ration            |       |     1 ||     1
Armor: Animal skin       |    21 |    33 ||    54
Dodge: Dodged            |    60 |   102 ||   162
